Unix NetHack Version 3.7.0-71 Work-in-progress - last build Jan 31 2023 02:41:03 (7ba98a1283f2b7cec35fde026edb48fc825ab8ae,branch:master). Game began 2023-02-05 05:11:24, ended 2023-02-05 05:28:53. Gandelf, neutral male human Monk -------------------------- |>c.%.c.c@.^^^^^^^^^^^^^.| |.....c.----------------.| -------.------ |.| |......%....| |.| |0.0.0...0.0| |.| --------.----| |.| |...0........| |.| |...0........| |.| -----%-------- ------|.| |..0.0.0...| --|.....|.| |.....0....| |.+.....|.| |.0.0...0.-- |-|.....|.| -------.---- |.+.....+.| |..0.....| |-|.....|-- |........| |.+.....| |...------ --|.....| ----- ------- Gandelf the Initiate St:18/02 Dx:16 Co:11 In:8 Wi:10 Ch:9 Neutral S:4026 Dlvl:4 $:168 HP:0(51) Pw:24(24) AC:10 Xp:7/877 T:2553 Latest messages: You see here a giant mimic corpse. Wait! That's a giant mimic! You hit the giant mimic! You hit the giant mimic! You hit the giant mimic! You hit the giant mimic! You kill the giant mimic! You see here a giant mimic corpse. With great effort you move the boulder. With great effort you move the boulder. You see here a giant mimic corpse. You hear a jackal howling at the moon. You feel weak! You haven't been exercising properly. You feel tough! You must have been leading a healthy life-style. With great effort you move the boulder. With great effort you move the boulder. With great effort you move the boulder. With great effort you move the boulder. You see here a giant mimic corpse. You hear a jackal howling at the moon. The boulder falls into and plugs a hole in the floor! With great effort you move the boulder. You see here a giant mimic corpse. You hear a door open. The boulder falls into and plugs a hole in the floor! You hear a wolf howling at the moon. N - an aluminum wand. With great effort you move the boulder. You see here a giant mimic corpse. The chickatrice bites! The chickatrice touches you! You hear the chickatrice's hissing! The chickatrice bites! The chickatrice touches you! You are slowing down. Are you sure you want to pray? [yn] (n) y You begin praying to Chih Sung-tzu. You are surrounded by a shimmering light. The chickatrice starts to attack you, but pulls back. You hear a jackal howling at the moon. You finish your prayer. You feel that Chih Sung-tzu is well-pleased. You feel more limber. With great effort you move the boulder. The boulder falls into and plugs a hole in the floor! You hit the chickatrice! You turn to stone... Do you want your possessions identified? [ynq] (y) q Inventory: Coins $ - 168 gold pieces Weapons p - a +0 axe y - a +0 axe Armor a - an uncursed +2 pair of leather gloves w - an uncursed +0 small shield b - an uncursed +1 robe Comestibles h - 5 uncursed apples g - 3 uncursed food rations B - 3 uncursed food rations j - 4 uncursed fortune cookies i - 5 uncursed oranges I - an uncursed tripe ration z - an uncursed tin of deep fried centipede meat G - an uncursed tin of french fried rothe meat J - an uncursed egg Scrolls v - an uncursed scroll of earth D - 2 cursed scrolls of earth t - an uncursed scroll of enchant weapon l - an uncursed scroll of genocide q - 2 uncursed scrolls of identify d - a blessed scroll of light Spellbooks m - an uncursed spellbook of magic mapping x - an uncursed spellbook of stone to flesh Potions s - a cursed potion of object detection K - an uncursed potion of speed e - an uncursed potion of water f - 2 uncursed potions of water Rings E - an uncursed ring of conflict n - an uncursed ring of fire resistance (on right hand) H - an uncursed ring of teleport control Wands N - a wand of nothing (0:11) F - a wand of sleep (0:8) M - a wand of teleportation (0:7) C - a wand of teleportation (0:6) Tools r - an uncursed oil lamp Gems/Stones o - an uncursed jasper stone Gandelf the Monk's attributes: Background: You were an Initiate, a level 7 male human Monk. You were neutral, on a mission for Chih Sung-tzu who was opposed by Shan Lai Ching (lawful) and Huan Ti (chaotic). You were in Sokoban, on level 4. You entered the dungeon 2553 turns ago. It was nighttime. There was a full moon in effect when your adventure ended. You had 877 experience points, 403 more were needed to attain level 8. Your score was 4026 before end-of-game adjustments. Basics: You had 0 out of 51 hit points. You had all 24 energy points (spell power). Your armor class was 10. Your wallet contained 168 zorkmids. Autopickup was on for '$?!+/=' plus thrown. Final Characteristics: Your strength was 18/02 (peak:18/03, limit:18/100). Your dexterity was 16 (limit:18). Your constitution was 11 (limit:18). Your intelligence was 8 (limit:18). Your wisdom was 10 (limit:18). Your charisma was 9 (limit:18). Final Status: You were not hungry. You were unencumbered. You were bare handed. You were skilled in martial arts. You were not wearing any armor. Final Attributes: You were piously aligned. You were fire resistant. Your items were protected from fire. You were sleep resistant. You were poison resistant. You saw invisible. You were warned. You were stealthy. You were lucky. You are dead. Miscellaneous: You never encountered a bones level. Total elapsed playing time was 17 minutes and 28 seconds. Major events: Turn 1: Gandelf the neutral male human Monk entered the dungeon 361: attained the rank of Novice (level 3) 1413: entered Sokoban 1656: completed 1st Sokoban level 1837: attained the rank of Initiate (level 6) 2124: completed 2nd Sokoban level 2449: completed 3rd Sokoban level 2553: petrified by a chickatrice Vanquished creatures: 2 giant mimics a large mimic an amorous demon a leprechaun an owlbear a lizard a raven a bugbear a water nymph a rock piercer a guardian naga hatchling a homunculus 10 hill orcs a rabid rat a hobbit a manes a yellow mold a gecko 6 jackals a sewer rat 3 grid bugs 3 lichens a kobold zombie 2 newts 44 creatures vanquished. No species were genocided or became extinct. Voluntary challenges: You followed a strict vegan diet. You never hit with a wielded weapon. You were illiterate. You never engraved Elbereth. You never genocided any monsters. You never polymorphed an object. You never changed form. You used no wishes. You did not violate any of the special Sokoban rules. Achievements: You entered a shop. You attained the rank of Novice. You entered Sokoban. You attained the rank of Initiate. The Dungeons of Doom: levels 1 to 8 Level 1: Level 2: A fountain. Level 3: A general store. Level 4: A fountain. Level 5: Level 7: Level 8: An altar to Chih Sung-tzu, a grave. Stairs up to Sokoban, level 7. Sokoban: levels 7 up to 4 Level 4: <- You were here. Unsolved. Final resting place for you, petrified by a chickatrice. Level 5: Solved. Level 6: Solved. Level 7: Solved. Game over: ---------- / \ / REST \ / IN \ / PEACE \ / \ | Gandelf | | 168 Au | | petrified by a | | chickatrice | | | | | | 2023 | *| * * * | * _________)/\\_//(\/(/\)/\//\/|_)_______ Goodbye Gandelf the Monk... You turned to stone in Sokoban on dungeon level 4 with 4010 points, and 168 pieces of gold, after 2553 moves. You were level 7 with a maximum of 51 hit points when you turned to stone.